 Dungeon Crawl Stone Soup version 0.28-a0-895-g6e5f11bd55 (webtiles) character file.

Game seed: 14619056581547702316

423221 orbtoucher the Intangible (level 23, -3/176 (189) HPs)
             Began as a Merfolk Ice Elementalist on Nov 22, 2021.
             Was a High Priest of Hepliaklqana.
             Slain by a vault warden (7 damage)
             ... while paralysed by a dread lich
             ... on level 5 of the Vaults.
             The game lasted 06:38:26 (74060 turns).

orbtoucher the Intangible (MfIE)                   Turns: 74060, Time: 06:38:27

HP:   -3/176 (189)  AC: 28    Str: 21    XL:     23   Next: 75%
MP:   32/32         EV: -1    Int: 26    God:    Hepliaklqana [*****.]
Gold: 6129          SH:  0    Dex: 28    Spells: 2/34 levels left

rFire   + + .      SeeInvis +   y - +5 demon trident (vamp)
rCold   + + .      Faith    .   b - +0 kite shield {rC+ rF+}
rNeg    . . .      Spirit   .   F - +8 faerie dragon scales {rCorr Dex+4}
rPois   +          Reflect  +   W - +3 helmet "Bimetz" {Int+6 Dex+3}
rElec   .          Harm     .   k - +3 cloak of the Vacuum {Rampage rPois MP-9 Str+3}
rCorr   +          Rampage  +   q - +0 pair of gloves
Will    +....                   L - +0 pair of boots of Beogh's Scorn {Str+5 Dex+4}
Stlth   ++........              N - amulet of reflection
HPRegen 0.39/turn               K - ring "Plog" {rF+ rC+ MP+9 Int-4 Dex+5}
MPRegen 0.23/turn               Q - ring of Urrowam {Wiz Str+4 SInv}

@: paralysed, marked, constricted, drained
A: reduced essence, (nimble swimmer 2), mertail, clumsy 1
}: 2/15 runes: barnacled, gossamer
a: Renounce Religion, Recall Ancestor, Ancestor Identity, Transference, Idealise


You were on level 5 of the Vaults.
You worshipped Hepliaklqana.
Hepliaklqana was extremely pleased with you.
You visited 7 branches of the dungeon, and saw 40 of its levels.
You visited the Abyss 3 times.
You visited 1 bazaar.
You also visited: Sewer, Gauntlet and Ice Cave.

You collected 8511 gold pieces.
You spent 2382 gold pieces at shops.

Inventory:

Hand Weapons
 y - a +5 vampiric demon trident (weapon)
Missiles
 c - 16 silver javelins
 D - 4 curare-tipped darts
 G - 2 throwing nets (quivered)
Armour
 b - a +0 kite shield of resistance (worn)
 k - the +3 cloak of the Vacuum (worn) {Rampage rPois MP-9 Str+3}
   (You found it on level 2 of the Spider Nest)

   Str:       It affects your strength (+3).
   rPois:     It protects you from poison.
   MP:        It affects your magic capacity (-9).
   Rampage:   It bestows one free step when moving towards enemies.
 q - a +0 pair of gloves (worn)
 F - the +8 faerie dragon scales (worn) {rCorr Dex+4}
   (You took it off the Enchantress on level 2 of the Depths)

   Dex:       It affects your dexterity (+4).
   rCorr:     It protects you from acid and corrosion.
 L - the +0 pair of boots of Beogh's Scorn (worn) {Str+5 Dex+4}
   (You bought it in a shop on level 2 of the Orcish Mines)

   Str:       It affects your strength (+5).
   Dex:       It affects your dexterity (+4).
 W - the +3 helmet "Bimetz" (worn) {Int+6 Dex+3}
   (You found it in a Gauntlet)

   Int:       It affects your intelligence (+6).
   Dex:       It affects your dexterity (+3).
Jewellery
 f - a ring of willpower
 u - a ring of resist corrosion
 K - the ring "Plog" (left hand) {rF+ rC+ MP+9 Int-4 Dex+5}
   (You found it in a Gauntlet)

   [ring of magical power]

   Int:       It affects your intelligence (-4).
   Dex:       It affects your dexterity (+5).
   rF:        It protects you from fire.
   rC:        It protects you from cold.
   MP:        It affects your magic capacity (+9).
 N - an amulet of reflection (around neck)
 O - the ring of Suspicion {rN+ Int+2 Dex+5 Stlth+}
   (You found it on level 2 of the Lair of Beasts)

   [ring of positive energy]

   Int:       It affects your intelligence (+2).
   Dex:       It affects your dexterity (+5).
   rN:        It protects you from negative energy.
   Stlth:     It makes you more stealthy.
 Q - the ring of Urrowam (right hand) {Wiz Str+4 SInv}
   (You found it on level 5 of the Lair of Beasts)

   [ring of wizardry]

   It improves your spell success rate.
   Str:       It affects your strength (+4).
   SInv:      It lets you see invisible.
 V - the ring of Fifail {Wiz Fly rElec Str+2 Int+4}
   (You found it on level 3 of the Lair of Beasts)

   [ring of wizardry]

   It improves your spell success rate.
   Str:       It affects your strength (+2).
   Int:       It affects your intelligence (+4).
   rElec:     It insulates you from electricity.
   Fly:       It grants you flight.
Wands
 i - a wand of paralysis (30)
 r - a wand of acid (32)
 v - a wand of flame (180)
 E - a wand of digging (4)
 H - a wand of iceblast (46)
 I - a wand of charming (4)
Scrolls
 e - 6 scrolls of teleportation
 h - a scroll of identify
 m - 5 scrolls of fog
 o - 4 scrolls of fear
 s - 6 scrolls of immolation
 w - 2 scrolls of holy word
 x - 9 scrolls of magic mapping
 Z - 2 scrolls of blinking
Potions
 a - 2 potions of invisibility
 d - 7 potions of cancellation
 g - a potion of might
 j - 5 potions of lignification
 l - 7 potions of haste
 n - 3 potions of resistance
 p - 2 potions of heal wounds
 t - 4 potions of magic
 A - a potion of berserk rage
 C - 10 potions of curing
 M - 5 potions of ambrosia
 U - 10 potions of mutation
 Y - 4 potions of brilliance
Miscellaneous
 z - a phantom mirror
 B - a condenser vane
 R - a lightning rod (4/4)
 S - a box of beasts
 T - a phial of floods


   Skills:
 * Level 24.3 Fighting
 - Level 20.0 Polearms
 - Level 10.0 Armour
 O Level 27 Dodging
 - Level 2.1 Stealth
 - Level 15.0 Shields
 - Level 6.0 Spellcasting
 - Level 10.0 Ice Magic
 - Level 10.0 Invocations
 - Level 10.0 Evocations


You had 2 spell levels left.
You knew the following spells:

 Your Spells              Type           Power      Damage    Failure   Level
a - Freeze                Ice            100%       1d11      1%          1
b - Blink                 Tloc           14%        N/A       5%          2
c - Summon Ice Beast      Ice/Summ       33%        N/A       4%          4
d - Metabolic Englaciati  Hex/Ice        16%        N/A       12%         5
e - Hailstorm             Conj/Ice       33%        3d8       4%          4
f - Swiftness             Air            7%         N/A       11%         3
g - Corpse Rot            Necr/Air       14%        N/A       5%          2
k - Ozocubu's Armour      Ice            56%        N/A       1%          3
p - Animate Skeleton      Necr           14%        N/A       3%          1
r - Frozen Ramparts       Ice            100%       1d12      1%          3
v - Poisonous Vapours     Pois/Air       14%        N/A       5%          2
w - Passwall              Tmut/Erth      5%         N/A       5%          2

Your spell library contained the following spells:

 Spells                   Type           Power      Damage    Failure   Level
 Beastly Appendage        Tmut           14%        N/A       3%          1
 Foxfire                  Conj/Fire      28%        2x1d5     3%          1
 Pain                     Necr           28%        1d5       3%          1
 Shock                    Conj/Air       28%        1d4       3%          1
 Sting                    Tmut/Pois      28%        1d4       3%          1
 Ice Form                 Ice/Tmut       33%        N/A       4%          4
 Conjure Flame            Conj/Fire      7%         6-21      11%         3
 Ignite Poison            Fire/Tmut/Pois 7%         N/A       11%         3
 Inner Flame              Hex/Fire       7%         N/A       11%         3
 Lesser Beckoning         Tloc           7%         N/A       11%         3
 Portal Projectile        Hex/Tloc       14%        N/A       11%         3
 Spider Form              Tmut/Pois      7%         N/A       11%         3
 Stone Arrow              Conj/Erth      14%        3d7       11%         3
 Teleport Other           Tloc           7%         N/A       11%         3
 Vampiric Draining        Necr           7%         2d6       11%         3
 Airstrike                Air            3%         N/A       32%         4
 Animate Armour           Summ/Erth      14%        N/A       32%         4
 Animate Dead             Necr           3%         N/A       32%         4
 Flame Wave               Conj/Fire      7%         3d4       32%         4
 Olgreb's Toxic Radiance  Pois           7%         N/A       32%         4
 Petrify                  Tmut/Erth      7%         N/A       32%         4
 Ozocubu's Refrigeration  Ice            28%        4d10      41%         7
 Blade Hands              Tmut           3%         N/A       65%         5
 Borgnjor's Vile Clutch   Necr/Erth      3%         N/A       65%         5
 Excruciating Wounds      Necr           3%         N/A       65%         5
 Fireball                 Conj/Fire      3%         3d4       65%         5
 Irradiate                Conj/Tmut      3%         3d15      65%         5
 Manifold Assault         Tloc           7%         N/A       65%         5
 Yara's Violent Unravell  Hex/Tmut       3%         3d4       65%         5
 Death Channel            Necr           3%         N/A       99%         6
 Dispersal                Tloc           3%         N/A       99%         6
 Iron Shot                Conj/Erth      3%         9d2       99%         6
 Statue Form              Tmut/Erth      4%         N/A       99%         6
 Dragon Form              Tmut           3%         N/A       100%        7
 Haunt                    Necr/Summ      3%         N/A       100%        7
 Infestation              Necr           3%         N/A       100%        8
 Lehudib's Crystal Spear  Conj/Erth      3%         10d3      100%        8
 Necromutation            Tmut/Necr      3%         N/A       100%        8
 Summon Horrible Things   Summ           3%         N/A       100%        8


Dungeon Overview and Level Annotations

Branches:
Dungeon (15/15)            Temple (0/1) D:7            Lair (6/6) D:8
 Shoals (4/4) Lair:2       Spider (4/4) Lair:3        Slime (0/5) Lair:6
    Orc (2/2) D:12            Elf (0/3) Orc:2        Vaults (5/5) D:14
  Crypt (0/3) Vaults:2     Depths (4/4) D:15            Zot (0/5) Depths:4
  Sewer (visited)           IceCv (visited)         Gauntlet (visited)

Altars:
Cheibriados
Dithmenos
Elyvilon
Hepliaklqana
Makhleb
Okawaru
Sif Muna
Trog
Uskayaw
Wu Jian
Yredelemnul
Lugonu

Shops:
Orc:2 ::*   Shoals:1 (   Shoals:2 (!***   Vaults:1 (   Depths:4 (

Portals:
Hell: Depths:1 Depths:2 Depths:3 Depths:4
Abyss: Lair:6 Depths:3 Depths:4
Pandemonium: Depths:2
Ziggurat: Depths:3
Trove: Vaults:2 (give 5 scrolls of fear)

Annotations:
D:7 3 runed translucent doors, exclusion: downstairs, greenreed's ghost, novice GnCj
D:8 2 transporters, ytrimaz's ghost, novice FoFi
Lair:5 exclusion: downstairs
Shoals:3 2 transporters, louisi3's ghost, adept BaBe
Spider:3 Asterion
Vaults:4 exclusion: 3 downstairs
Depths:2 exclusion: downstairs
Depths:3 exclusion: downstairs
Depths:4 exclusion: downstairs


Innate Abilities, Weirdness & Mutations

Your life essence is reduced to manifest your ancestor. (-10% HP)
((You are quick and stealthy near water. (Stealth+, EV+, Speed+++)))
Your lower body shifts to a powerful aquatic tail in water.
You are clumsy. (Dex -2)


Message History

The deep elf archer shoots an arrow.
The arrow hits Zorana.
The green very ugly thing headbutts you but does no damage.
The vault warden hits you but does no damage.
Space warps around you.
* * * LOW HITPOINT WARNING * * *
The dread lich touches you but does no damage.
Zorana blocks the tentacled monstrosity's attack. x2
The tentacled monstrosity tentacle-slaps Zorana but does no damage.
A vault warden comes into view. It is wielding a +0 glaive.
Zorana hits the tentacled monstrosity with a +0 broad axe of flaming!
Zorana burns the tentacled monstrosity.
Zorana barely misses the deep elf demonologist.
Zorana hits the phantasmal warrior but does no damage.
Zorana barely misses the deep elf zephyrmancer.
Zorana barely misses the yaktaur captain.
The deep elf zephyrmancer hits Zorana but does no damage.
Zorana blocks the yaktaur captain's attack.
The dread lich casts a spell at you.
You shrug off the repeated paralysis!
The vault sentinel hits you with a +0 falchion.
* * * LOW HITPOINT WARNING * * *
The tentacled monstrosity tentacle-slaps you!
* * * LOW HITPOINT WARNING * * *
The tentacled monstrosity tentacle-slaps you but does no damage. x2
The tentacled monstrosity constricts you.
The shadow dragon breathes negative energy at you.
The bolt of negative energy hits the tentacled monstrosity.
The tentacled monstrosity completely resists.
The bolt of negative energy hits you!!
You feel drained.
* * * LOW HITPOINT WARNING * * *
The bolt of negative energy hits Zorana.
Zorana completely resists.
The green very ugly thing headbutts you but does no damage.
The deep elf archer shoots an arrow.
Zorana reflects the arrow off her +0 tower shield of reflection!
The arrow hits the tentacled monstrosity!!
The phantasmal warrior hits you but does no damage.
The vault warden hits you but does no damage.
Space warps around you!
You die...

#..#....#
##..#....# .
##...#....# ..
....#....#(#.
....[...((C.
#####..eeXe..##
$....[pWR<[....
.c...Wp@ec<[...
.$(..cLXu<[....
.....(DC.......
#####........##
p..........
...#....#.##
...H#....#.#
.#...#....# #


You could see the friendly Zorana the knight (fast), a shadow dragon (catching
breath, ally target), 2 tentacled monstrosities, a dread lich (fast), a green
very ugly thing, a sphinx, 2 stone giants, 2 vault wardens, a yaktaur captain, a
deep elf demonologist, a vault sentinel, a deep elf archer (repels missiles), a
deep elf knight (invisible), a phantasmal warrior, 2 yaktaurs, a freezing wraith
and a deep elf zephyrmancer.

Vanquished Creatures
  A juggernaut (Depths:4)
  Saint Roka (Orc:1)
  A caustic shrike (Depths:4)
  2 golden dragons (Depths:4)
  the Enchantress (Depths:2)
  A bone dragon (Depths:4)
  Arachne (Spider:2)
  Jorgrun (Spider:3)
  A lich (Depths:1)
  A titan (Vaults:5)
  A sphinx (Shoals:4)
  A kraken (Shoals:4)
  Polyphemus (Shoals:2)
  Agnes (D:14)
  A tengu reaver (Depths:4)
  A draconian monk (Depths:4)
  Donald (Orc:2)
  2 storm dragons
  Roxanne (D:15)
  4 nagarajas (Depths:3)
  An iron dragon (Depths:4)
  2 deep elf sorcerers
  A frost giant (Vaults:4)
  7 vault wardens
  2 emperor scorpions
  Louise (Spider:4)
  A draconian scorcher (Depths:4)
  A ghoul (Vaults:2)
  3 caustic shrike skeletons (Depths:2)
  A vampire knight (Depths:3)
  6 ironbound preservers
  3 spriggan defenders
  8 stone giants
  4 very ugly things
  2 green draconians (Depths:4)
  2 spark wasps (Depths:1)
  A red draconian (Depths:4)
  A spark wasp (shapeshifter) (Lair:6)
  5 dire elephants
  3 minotaurs
  5 ettins
  A yellow draconian (Depths:4)
  A merfolk javelineer (Shoals:1)
  A deep elf death mage (Vaults:1)
  Josephine (D:15)
  2 merfolk impalers
  2 jiangshi (Depths:1)
  5 yaktaur captains
  6 fire dragons
  A deep elf high priest (Vaults:1)
  Harold (D:7)
  A rakshasa (Depths:2)
  5 ironbound thunderhulks
  A hell beast (Depths:4)
  2 boulder beetles
  26 vault guards
  3 ironbound frosthearts (Vaults:1)
  3 naga warriors (Depths:3)
  Erica (D:8)
  2 great orbs of eyes (Depths:4)
  2 spriggan air magi (Depths:2)
  3 hydras
  14 centaur warriors
  3 ice dragons
  2 catoblepae
  2 anacondas
  4 merfolk aquamancers
  15 death yaks
  2 two-headed ogres (D:11)
  3 deep troll shamans (Depths:4)
  2 merfolk avatars
  8 satyrs
  A vampire mage (Vaults:2)
  2 deep troll earth magi (Depths:4)
  5 tengu warriors
  The ghost of ders the Geomancer, a journeyman GrEE of Vehumet (D:10)
  Urug (D:10)
  3 thrashing horrors
  6 spriggan berserkers
  Sonja (Lair:2)
  5 hell knights (Depths:3)
  7 iron trolls
  10 sea snakes
  3 glowing orange brains
  21 deep trolls
  2 skeletal warriors
  A spriggan druid (Depths:2)
  A phantasmal warrior (Depths:3)
  An orc knight (Orc:1)
  A starcursed mass (Abyss:3)
  5 wizards
  7 ironbound convokers
  6 lindwurms
  A lindwurm (shapeshifter) (Depths:4)
  13 orb spiders
  20 harpies
  20 ugly things
  Pikel (D:8)
  2 deep elf pyromancers
  12 wolf spiders
  5 orc sorcerers
  2 guardian serpents (Depths:3)
  5 cyclopes
  12 fauns
  7 black mambas
  8 elephants
  2 spectral centaurs (Gauntlet)
  2 worldbinders
  7 merfolk sirens
  13 manticores
  5 water nymphs
  3 centaur zombies
  11 vault sentinels
  5 naga magi (Depths:3)
  2 smoke demons (Lair:6)
  A hellion (Gauntlet)
  4 cane toads
  3 gargoyles (D:13)
  An unseen horror (D:13)
  Maggie (Lair:2)
  24 yaktaurs
  9 komodo dragons
  Psyche (D:12)
  3 kobold demonologists
  9 demonic crawlers
  A rime drake (Lair:4)
  A tengu conjurer (Depths:2)
  An anaconda simulacrum (D:14)
  8 merfolk
  2 hellwings
  A guardian mummy (Vaults:2)
  A jumping spider (shapeshifter) (Depths:4)
  A polar bear (Lair:5)
  4 wind drakes
  A meliai (Spider:2)
  8 trolls
  Prince Ribbit (D:5)
  13 jumping spiders
  16 hornets
  16 slime creatures
  A dream sheep (shapeshifter) (D:15)
  14 blink frogs
  13 dream sheep
  3 snapping turtles
  A shadow (Gauntlet)
  6 water elementals
  2 wraiths
  6 basilisks
  28 redbacks
  23 spriggans
  12 tarantellas
  24 yaks
  4 wyverns
  Grum (D:9)
  3 vampire mosquitoes
  A steam dragon (D:6)
  A redback simulacrum (D:15)
  A chaos spawn (Lair:6)
  A minotaur simulacrum (D:14)
  Edmund (D:4)
  A harpy simulacrum (IceCv)
  A warg (D:12)
  16 water moccasins
  2 acid dragons
  2 large abominations
  Pargi (Sewer)
  4 black bears
  2 sky beasts
  12 orc warriors
  6 ogres
  45 wolves
  16 centaurs
  2 necrophages
  3 lemures (D:8)
  A kobold brigand (D:11)
  7 bullfrogs
  A gnoll sergeant (D:13)
  2 scorpions
  A deep troll simulacrum (D:14)
  A wyvern zombie (D:9)
  6 small abominations (Lair:6)
  5 killer bees (D:9)
  7 wights
  9 electric eels
  2 howler monkeys
  2 bullfrog zombies
  9 orc priests
  5 hounds
  16 jellies
  A centaur skeleton (D:5)
  A gnoll shaman (D:4)
  2 bullfrog skeletons
  7 iguanas
  Terence (D:2)
  5 hell rats (Lair:3)
  9 orc wizards
  A hound zombie (D:5)
  A hound skeleton (D:4)
  3 gnolls (D:7)
  2 howler monkey skeletons
  A howler monkey zombie (D:5)
  16 adders
  2 river rats (D:3)
  An ufetubus (D:5)
  4 worms
  A dart slug (D:4)
  27 orcs
  8 ball pythons
  16 endoplasms
  4 giant cockroaches
  5 goblins
  7 hobgoblins
  A jackal (D:5)
  18 kobolds
  3 quokkas
  5 bats
  8 frilled lizards
  8 rats
  A spectral hobgoblin (D:5)
  A tentacle (Shoals:2)
1092 creatures vanquished.

Vanquished Creatures (collateral kills)
  A dread lich (Vaults:4)
  Bai Suzhen (Vaults:2)
  3 caustic shrikes (Depths:4)
  A golden dragon (Depths:4)
  Nikola (Spider:4)
  A bone dragon (Depths:4)
  A kraken (Shoals:2)
  A tentacled starspawn (Abyss:2)
  A sphinx (Depths:3)
  A shadow dragon (Vaults:4)
  Kirke (D:12)
  2 nagarajas (Depths:3)
  A deep elf sorcerer (Vaults:1)
  An iron dragon (Depths:4)
  2 ghost moths (Spider:4)
  8 vault wardens
  4 emperor scorpions
  6 stone giants
  9 very ugly things
  5 spriggan defenders
  7 ironbound preservers
  3 caustic shrike skeletons (Depths:2)
  7 dire elephants
  An entropy weaver (Vaults:4)
  A spark wasp (Depths:1)
  A minotaur (Shoals:4)
  Snorg (Lair:3)
  4 ettins
  A merfolk impaler (Shoals:2)
  An eleionoma (Depths:2)
  A blizzard demon (Depths:4)
  2 great orbs of eyes
  A jiangshi (Depths:1)
  2 fire dragons
  A deep elf high priest (Vaults:5)
  A yaktaur captain (Vaults:1)
  8 hydras
  6 naga warriors (Depths:3)
  2 rakshasas (Depths:2)
  5 vault guards
  A peacekeeper (Vaults:1)
  4 ironbound thunderhulks
  2 spriggan air magi (Depths:2)
  7 centaur warriors
  2 boulder beetles
  A catoblepas (Lair:5)
  A merfolk avatar (Shoals:2)
  A catoblepas (shapeshifter) (Lair:6)
  3 two-headed ogres
  5 ice dragons
  A death knight (D:15)
  2 ironbound frosthearts
  3 satyrs (Shoals:4)
  A merfolk aquamancer (Shoals:2)
  A deep troll shaman (Depths:3)
  10 death yaks
  4 tengu warriors
  A vampire mage (Depths:1)
  4 deep troll earth magi
  A spriggan berserker (Depths:2)
  3 thrashing horrors
  An orc high priest (Orc:2)
  2 hell knights (Depths:3)
  3 iron trolls (Depths:4)
  A glowing orange brain (Vaults:4)
  A death drake (Gauntlet)
  A skeletal warrior (D:15)
  6 sea snakes
  19 deep trolls
  6 spriggan druids (Depths:2)
  5 ironbound convokers
  5 wizards
  A necromancer (D:15)
  A starcursed mass (Abyss:3)
  5 lindwurms (Vaults:2)
  4 deep elf pyromancers
  A deep elf zephyrmancer (Vaults:5)
  A phantasmal warrior (Depths:3)
  16 harpies
  9 wolf spiders
  22 ugly things
  7 orb spiders
  4 cyclopes
  5 manticores
  A worldbinder (Abyss:2)
  3 orc sorcerers
  2 centaur zombies
  2 elephants
  A moth of wrath (Spider:3)
  A water nymph (Shoals:4)
  A guardian serpent (Depths:3)
  A faun (Shoals:3)
  2 black mambas
  8 vault sentinels
  Maurice (D:8)
  3 naga magi (Depths:3)
  5 cane toads
  An unseen horror (D:11)
  2 centaur skeletons (D:15)
  A smoke demon (Lair:6)
  4 demonic crawlers
  A freezing wraith (D:15)
  5 komodo dragons
  5 yaktaurs
  2 ancient zymes
  2 entropy weaver simulacra (D:14)
  7 merfolk
  A red devil (Gauntlet)
  2 trolls
  A troll (shapeshifter) (Vaults:5)
  3 tengu conjurers
  3 polar bears
  6 jumping spiders
  A harpy zombie (D:15)
  12 hornets
  A meliai (shapeshifter) (Depths:2)
  2 meliai (Spider:2)
  2 snapping turtles
  A slime creature (shapeshifter) (Depths:3)
  4 blink frogs
  24 slime creatures
  4 dream sheep
  28 redbacks
  22 spriggans
  2 shadows (Gauntlet)
  13 tarantellas
  4 wraiths
  5 water elementals
  A vampire (D:14)
  2 spriggan simulacra (D:14)
  30 yaks
  3 hogs (D:12)
  A chaos spawn (Lair:6)
  2 wargs
  A vampire mosquito (D:14)
  An acid dragon (D:9)
  A harpy simulacrum (IceCv)
  A swamp worm (shapeshifter) (Depths:1)
  7 water moccasins
  3 small abominations
  11 orc warriors
  A black bear (D:7)
  6 ogres
  14 wolves
  12 centaurs
  A lemure (D:8)
  A kobold brigand (D:12)
  3 bullfrogs
  3 killer bees (D:9)
  A lindwurm simulacrum (D:14)
  4 wights
  2 howler monkeys
  12 orc priests
  A gnoll shaman (D:7)
  3 jellies (Lair:6)
  A bullfrog skeleton (D:6)
  15 orc wizards
  A hell rat (Lair:3)
  A howler monkey zombie (D:9)
  An adder (Depths:3)
  2 white imps
  28 orcs
  A goblin (Orc:2)
  3 kobolds
  A tentacle (Shoals:2)
675 creatures vanquished.

Vanquished Creatures (others)
  A stone giant (Depths:2)
  A rakshasa (Depths:2)
  2 vault guards (Vaults:5)
  A centaur warrior (Vaults:1)
  A merfolk aquamancer (Shoals:1)
  A tengu warrior (Depths:2)
  A wizard (Vaults:4)
  A manticore (Shoals:4)
  A vault sentinel (Vaults:2)
  6 yaktaurs
  A spriggan (Depths:2)
  A howler monkey (D:12)
  An ancestor (D:7)
  50 knights
  14 demonic plants (Gauntlet)
  30 fungi
  145 plants
  6 starspawn tentacles (Abyss:2)
  13 tentacles
277 creatures vanquished.

Grand Total: 2044 creatures vanquished

Notes
Turn   | Place    | Note
-------+----------+-------------------------------------------
     0 | D:1      | orbtoucher the Merfolk Ice Elementalist began the quest for
                  | the Orb.
     0 | D:1      | Reached XP level 1. HP: 13/13 MP: 3/3
   334 | D:1      | Reached XP level 2. HP: 20/20 MP: 5/5
   354 | D:1      | Reached skill level 3 in Dodging
   822 | D:1      | Found a faded altar of an unknown god.
   911 | D:1      | Reached skill level 1 in Fighting
  1068 | D:1      | Reached XP level 3. HP: 26/26 MP: 6/6
  1072 | D:1      | Learned a level 3 spell: Frozen Ramparts
  1322 | D:2      | Reached skill level 5 in Ice Magic
  1726 | D:2      | Found a shimmering blue altar of Sif Muna.
  1736 | D:2      | Reached XP level 4. HP: 32/32 MP: 4/7
  1858 | D:2      | Noticed Terence
  1893 | D:2      | Killed Terence
  1992 | D:3      | Found a glowing drain.
  1999 | Sewer    | Entered a sewer
  2057 | Sewer    | Reached XP level 5. HP: 38/38 MP: 3/8
  2221 | Sewer    | Noticed Pargi
  2280 | Sewer    | Learned a level 3 spell: Ozocubu's Armour
  2451 | Sewer    | Killed Pargi
  2452 | Sewer    | Reached skill level 4 in Dodging
  2757 | D:3      | Reached XP level 6. HP: 46/46 MP: 0/10
  3192 | D:3      | Found an iron altar of Okawaru.
  3391 | D:3      | Found a shadowy altar of Dithmenos.
  3743 | D:4      | Reached skill level 1 in Polearms
  3845 | D:5      | Entered Level 5 of the Dungeon
  3943 | D:4      | Noticed Edmund
  3958 | D:4      | Killed Edmund
  3959 | D:4      | Reached XP level 7. HP: 18/52 MP: 0/12
  4204 | D:5      | Reached skill level 5 in Dodging
  4416 | D:5      | Noticed a troll
  4428 | D:5      | Killed a troll
  4464 | D:5      | Reached XP level 8. HP: 60/60 MP: 3/13
  4673 | D:5      | Reached skill level 5 in Polearms
  4787 | D:5      | Reached skill level 6 in Dodging
  4903 | D:5      | Found a hazy altar of Hepliaklqana.
  4952 | D:5      | Became a worshipper of Hepliaklqana the Forgotten
  5563 | D:5      | Noticed a troll
  5586 | D:5      | Killed a troll
  5587 | D:5      | Reached skill level 5 in Fighting
  5587 | D:5      | Reached skill level 1 in Invocations
  5587 | D:5      | Reached XP level 9. HP: 60/68 MP: 8/15
  6700 | D:4      | Reached skill level 7 in Dodging
  6772 | D:4      | Identified the +10 whip "Undertaker" {venom, rElec rF+
                  | Int-5}
  6923 | D:5      | Noticed Prince Ribbit
  6929 | D:5      | Killed Prince Ribbit
  7622 | D:6      | Reached skill level 10 in Polearms
  7622 | D:6      | Reached skill level 8 in Dodging
  7661 | D:6      | Found an ornate altar of the Wu Jian Council.
  7670 | D:6      | Found a burning altar of Makhleb.
  7990 | D:6      | Reached * piety under Hepliaklqana
  8138 | D:6      | Reached XP level 10. HP: 69/69 MP: 13/16
  8996 | D:7      | Identified the +0 leather armour of Xathim {rF- Slay+4}
  9011 | D:7      | Found a staircase to the Ecumenical Temple.
  9175 | D:7      | Found a runed translucent gate.
  9176 | D:7      | Found a runed translucent gate.
  9178 | D:7      | Found a runed translucent gate.
  9179 | D:7      | Noticed greenreed's ghost (novice GnCj)
  9199 | D:7      | Found a snail-covered altar of Cheibriados.
  9209 | D:7      | Noticed Harold
  9234 | D:7      | Killed Harold
  9550 | D:7      | Reached ** piety under Hepliaklqana
  9557 | D:7      | Remembered your ancestor Zorana as a knight
 10199 | D:8      | Noticed Maurice
 10233 | D:8      | Killed Maurice
 10234 | D:8      | Reached skill level 9 in Dodging
 10234 | D:8      | Reached skill level 5 in Invocations
 10440 | D:8      | Noticed a cyclops
 10486 | D:8      | Killed a cyclops
 10600 | D:8      | Noticed Erica
 10613 | D:8      | Killed Erica
 10614 | D:8      | Reached XP level 11. HP: 76/76 MP: 12/17
 10619 | D:8      | Noticed Pikel
 10660 | D:8      | Killed Pikel
 10700 | D:8      | Noticed a death yak
 10701 | D:8      | Noticed a death yak
 10701 | D:8      | Noticed a death yak
 10702 | D:8      | Noticed a death yak
 10703 | D:8      | Noticed a death yak
 10704 | D:8      | Noticed a death yak
 10704 | D:8      | Noticed a death yak
 10732 | D:8      | Got the Volume of the Vacuum
 10747 | D:8      | Noticed ytrimaz's ghost (novice FoFi)
 10750 | D:8      | Identified the +1 giant club "Xodozxu" {freeze, Fragile
                  | Str+2 Dex+3}
 10750 | D:8      | Identified the +8 dire flail "Laudim" {drain, *Corrode
                  | rN++}
 10750 | D:8      | Noticed a two-headed ogre
 10750 | D:8      | Found a transporter.
 10751 | D:8      | Found a staircase to the Lair.
 10787 | Lair:1   | Entered Level 1 of the Lair of Beasts
 10787 | Lair:1   | Noticed a seven-headed hydra
 10845 | Lair:1   | Reached skill level 10 in Dodging
 11170 | Lair:1   | Reached *** piety under Hepliaklqana
 11559 | Lair:1   | Reached skill level 11 in Dodging
 12151 | Lair:2   | Found a staircase to the Shoals.
 12199 | Lair:2   | Identified the ring of Suspicion {rN+ Int+2 Dex+5 Stlth+}
 12399 | Lair:2   | Noticed Sonja
 12403 | Lair:2   | Reached skill level 12 in Dodging
 12407 | Lair:2   | Killed Sonja
 12408 | Lair:2   | Reached XP level 12. HP: 85/85 MP: 15/18
 12660 | Lair:2   | Reached skill level 13 in Dodging
 12800 | Lair:2   | Noticed Maggie
 12829 | Lair:2   | Killed Maggie
 12992 | Shoals:1 | Entered Level 1 of the Shoals
 12997 | Shoals:1 | Noticed a merfolk impaler
 12999 | Shoals:1 | Reached skill level 10 in Fighting
 13650 | Lair:3   | Reached skill level 14 in Dodging
 13835 | Lair:3   | Identified the ring of Fifail {Wiz Fly rElec Str+2 Int+4}
 13838 | Lair:3   | Noticed a six-headed hydra
 13852 | Lair:3   | Noticed a five-headed hydra
 13897 | Lair:3   | Killed a five-headed hydra
 13898 | Lair:3   | Reached skill level 15 in Polearms
 14313 | Lair:3   | Reached **** piety under Hepliaklqana
 14456 | Lair:3   | Noticed a death yak
 14465 | Lair:3   | Noticed a death yak
 14465 | Lair:3   | Noticed a death yak
 14466 | Lair:3   | Noticed a death yak
 14469 | Lair:3   | Noticed a death yak
 14477 | Lair:3   | Noticed a death yak
 14499 | Lair:3   | Killed a death yak
 14500 | Lair:3   | Reached skill level 15 in Dodging
 14503 | Lair:3   | Killed a death yak
 14504 | Lair:3   | Reached XP level 13. HP: 82/94 MP: 3/19
 15008 | Lair:3   | Noticed Snorg
 15018 | Lair:3   | Killed Snorg
 15099 | Lair:3   | Found a hole to the Spider Nest.
 16002 | D:6      | Learned a level 2 spell: Passwall
 16077 | D:8      | Found a transporter.
 16869 | Lair:4   | Reached skill level 16 in Dodging
 16986 | Lair:4   | Found a gate leading to a gauntlet.
 17002 | Gauntlet | Entered a Gauntlet
 17002 | Gauntlet | Found a transporter.
 17002 | Gauntlet | Found a transporter.
 17002 | Gauntlet | Found a transporter.
 17024 | Gauntlet | Found a transporter.
 17027 | Gauntlet | Found a transporter.
 17027 | Gauntlet | Found a transporter.
 17037 | Gauntlet | Found a transporter.
 17038 | Gauntlet | Noticed a cacodemon
 17041 | Gauntlet | Found a transporter.
 17041 | Gauntlet | Found a transporter.
 17053 | Gauntlet | Found a transporter.
 17054 | Gauntlet | Found a transporter.
 17054 | Gauntlet | Found a transporter.
 17156 | Gauntlet | Found the +3 pair of gauntlets of War {Slay+5}
 17467 | Gauntlet | Identified the ring "Plog" {rF+ rC+ MP+9 Int-4 Dex+5}
 17681 | Gauntlet | Identified the +0 hat of the Maze {Dex+5}
 17748 | Gauntlet | Noticed a minotaur
 17760 | Gauntlet | Killed a minotaur
 17769 | Gauntlet | Got the Handbook of Dislocation
 17783 | Gauntlet | Identified the +3 helmet "Bimetz" {Int+6 Dex+3}
 17784 | Gauntlet | Got the Handbook of Transformation and Calling
 18169 | Lair:4   | Learned a level 4 spell: Hailstorm
 18358 | Lair:4   | Reached XP level 14. HP: 103/103 MP: 21/21
 18900 | Lair:4   | Reached skill level 10 in Invocations
 19882 | Lair:5   | Identified the +2 robe of the Devil's Advocate {Will+
                  | Slay+2}
 19992 | Lair:5   | Identified the ring of Urrowam {Wiz Str+4 SInv}
 20988 | Lair:6   | Entered Level 6 of the Lair of Beasts
 21017 | Lair:6   | Reached skill level 17 in Dodging
 21848 | Lair:6   | Found a staircase to the Slime Pits.
 22369 | Lair:6   | Noticed a storm dragon
 22374 | Lair:6   | Noticed an emperor scorpion
 22375 | Lair:6   | Reached XP level 15. HP: 89/111 MP: 22/22
 22387 | Lair:6   | Noticed an azure jelly
 22422 | Lair:6   | an azure jelly changed into a catoblepas
 22853 | Lair:6   | Reached ***** piety under Hepliaklqana
 23095 | Lair:6   | Identified the ring "Wesusawn" {rPois Str+4}
 23193 | Lair:6   | Reached skill level 18 in Dodging
 23223 | Lair:6   | Reached skill level 1 in Evocations
 23241 | Lair:6   | Found a corrupted altar of Lugonu.
 23241 | Lair:6   | Found a one-way gate to the infinite horrors of the Abyss.
 23251 | Lair:6   | Identified the +9 battleaxe of the Evening {drain, Int+6}
 23506 | D:9      | Found a shimmering blue altar of Sif Muna.
 24075 | D:9      | Noticed Grum
 24111 | D:9      | Killed Grum
 24615 | D:10     | Entered Level 10 of the Dungeon
 25155 | D:10     | Noticed Urug
 25170 | D:10     | Killed Urug
 25231 | D:10     | Found a basalt altar of Yredelemnul.
 25258 | D:10     | Found a runed translucent door.
 25260 | D:10     | Noticed ders's ghost (journeyman GrEE)
 25263 | D:10     | Identified the +3 spear of Circularity {vorpal, rPois Int+2
                  | Stlth+}
 25310 | D:10     | Found a white marble altar of Elyvilon.
 26143 | D:11     | Found the +7 Kryia's mail coat {PotionHeal*2 rC+}
 26485 | D:12     | Noticed Psyche
 26512 | D:12     | Killed Psyche
 26727 | D:12     | Reached skill level 19 in Dodging
 26904 | D:12     | Found a staircase to the Orcish Mines.
 27544 | D:12     | Noticed Kirke
 27556 | D:12     | Killed Kirke
 29212 | D:13     | Identified the +1 scimitar of Syjumemn {freeze, Fly Str+7}
 29223 | D:13     | Reached skill level 5 in Evocations
 29343 | D:13     | Reached skill level 20 in Dodging
 29395 | D:13     | You are sucked into a shaft and drop 1 floor!
 29549 | D:14     | Noticed Agnes
 29565 | D:14     | Killed Agnes
 29785 | D:14     | Reached XP level 16. HP: 100/120 MP: 23/23
 29804 | D:14     | Found a frozen archway.
 29828 | IceCv    | Entered an ice cave
 30196 | D:14     | Reached skill level 15 in Fighting
 30214 | D:14     | Found a gate to the Vaults.
 30634 | Orc:1    | Entered Level 1 of the Orcish Mines
 30997 | Orc:2    | Entered Level 2 of the Orcish Mines
 30997 | Orc:2    | Found a flickering gateway to a bazaar.
 31004 | Bazaar   | Entered a bazaar
 31004 | Bazaar   | Found Plog's Distillery.
 31375 | Bazaar   | Found Upip's Antique Weapon Shop.
 31401 | Bazaar   | Found Raam's Antique Armour Shop.
 31422 | Bazaar   | Bought a potion of heal wounds for 45 gold pieces
 31441 | Orc:2    | Noticed Donald
 31458 | Orc:2    | Found a staircase to the Elven Halls.
 32077 | Orc:2    | Noticed Saint Roka
 32456 | Orc:1    | Reached skill level 21 in Dodging
 32601 | Orc:2    | Paralysed by an orc sorcerer for 2 turns
 32627 | Orc:1    | Killed Saint Roka
 34247 | Orc:2    | Killed Donald
 34537 | Orc:2    | Reached skill level 1 in Shields
 34548 | Orc:2    | Gained mutation: You are clumsy. (Dex -2) [a neqoxec]
 35075 | Orc:2    | Found Icoson's Antique Armour Shop.
 35075 | Orc:2    | Found Liseblir's Assorted Antiques.
 35076 | Orc:2    | Found Fota's Book Boutique.
 35080 | Orc:2    | Found Eniag's Book Boutique.
 35259 | Orc:2    | Bought a pair of heavily runed boots for 275 gold pieces
 35259 | Orc:2    | Identified the +0 pair of boots of Beogh's Scorn {Str+5
                  | Dex+4} (You bought it in a shop on level 2 of the Orcish
                  | Mines)
 36006 | Spider:1 | Entered Level 1 of the Spider Nest
 37380 | Spider:1 | Reached skill level 5 in Shields
 39633 | D:15     | Entered Level 15 of the Dungeon
 40335 | Spider:2 | Noticed Arachne
 40360 | Spider:2 | Killed Arachne
 40487 | Spider:2 | Reached XP level 17. HP: 107/129 MP: 24/24
 41236 | Spider:2 | Identified the +3 cloak of the Vacuum {Rampage rPois MP-9
                  | Str+3}
 42598 | Spider:3 | Noticed Jorgrun
 42604 | Spider:3 | Reached skill level 10 in Shields
 42625 | Spider:3 | Killed Jorgrun
 42987 | Spider:4 | Entered Level 4 of the Spider Nest
 42987 | Spider:4 | Noticed Asterion
 42991 | Spider:4 | Noticed an Executioner
 43304 | Spider:4 | Noticed Nikola
 43317 | Spider:4 | Killed Nikola
 43333 | Spider:4 | Noticed Louise
 43351 | Spider:4 | Killed Louise
 45102 | Spider:4 | Got a gossamer rune of Zot
 45779 | Shoals:1 | Found Colorapn's Weapon Shoppe.
 46133 | Shoals:1 | Reached XP level 18. HP: 135/135 MP: 25/25
 46384 | Shoals:2 | Found Huvinew's Assorted Antiques.
 46428 | Shoals:2 | Found Yschat's Assorted Antiques.
 46437 | Shoals:2 | Bought a lumpy coppery potion for 27 gold pieces
 46493 | Lair:2   | Identified a scroll of acquirement
 46496 | Lair:2   | Acquired 961 gold pieces
 46534 | Shoals:2 | Bought a potion of haste for 340 gold pieces
 46534 | Shoals:2 | Bought a potion of haste for 340 gold pieces
 46586 | Shoals:2 | Found Jily's Assorted Antiques.
 46594 | Shoals:2 | Bought 2 scrolls of fear for 203 gold pieces
 46594 | Shoals:2 | Bought 2 potions of invisibility for 464 gold pieces
 47716 | Shoals:2 | Found Ubymp's Distillery.
 47725 | Shoals:2 | Bought 2 potions of heal wounds for 110 gold pieces
 47725 | Shoals:2 | Bought a potion of haste for 110 gold pieces
 47749 | Shoals:2 | Reached skill level 15 in Shields
 47768 | Shoals:2 | Reached skill level 1 in Armour
 47774 | Shoals:2 | Found Loemorr's Weapon Emporium.
 47945 | Shoals:2 | Noticed Polyphemus
 47988 | Shoals:2 | Killed Polyphemus
 48706 | Shoals:3 | Found a transporter.
 48709 | Shoals:3 | Noticed louisi3's ghost (adept BaBe)
 48926 | Shoals:3 | Found a transporter.
 49493 | Shoals:4 | Entered Level 4 of the Shoals
 49718 | Shoals:4 | Got Advanced Steps in Magic
 50296 | Shoals:4 | Reached skill level 22 in Dodging
 50298 | Shoals:4 | Reached XP level 19. HP: 136/141 MP: 22/26
 50311 | Shoals:4 | Reached skill level 5 in Armour
 50378 | Shoals:4 | Identified the amulet of Jeud {Spirit rC++ Str+4 Stlth+}
 50382 | Shoals:4 | Identified the +1 fire dragon scales "Vun Roli" {+Inv rF++
                  | rC- rCorr}
 50466 | Shoals:4 | Got a barnacled rune of Zot
 51259 | Vaults:1 | Entered Level 1 of the Vaults
 51261 | Vaults:1 | Identified the +5 dagger of the Scorching Ass {venom, rC-
                  | rCorr Dex+7}
 51574 | Vaults:1 | Cast into level 3 of the Abyss (a deep elf sorcerer)
 51668 | Vaults:1 | Escaped the Abyss
 51729 | Vaults:1 | Acquired 927 gold pieces
 51751 | Vaults:1 | Cast into level 2 of the Abyss (a deep elf sorcerer)
 51751 | Abyss:2  | Found a corrupted altar of Lugonu.
 51871 | Abyss:3  | Noticed a tentacled monstrosity
 51873 | Vaults:1 | Escaped the Abyss
 52376 | Vaults:1 | Found Oxenun's Weapon Shoppe.
 52503 | Vaults:1 | Found the +3 hat of Pondering {ponderous, Will+ MP+10
                  | Int+5}
 53932 | Vaults:2 | Reached XP level 20. HP: 154/154 MP: 27/27
 54317 | Vaults:2 | Noticed Bai Suzhen
 55682 | Vaults:2 | Found a staircase to the Crypt.
 55809 | Vaults:2 | Found a portal to a secret trove of treasure.
 55873 | Vaults:2 | Killed Bai Suzhen
 57024 | D:10     | Killed ders's ghost
 59082 | Vaults:4 | Cast into level 2 of the Abyss (a wizard)
 59110 | Abyss:2  | Reached skill level 5 in Spellcasting
 59186 | Vaults:4 | Escaped the Abyss
 59598 | Vaults:4 | Got the Reference Book on Floating Combat Magic
 59620 | Vaults:4 | Learned a level 1 spell: Animate Skeleton
 59623 | Vaults:4 | Learned a level 2 spell: Corpse Rot
 59626 | Vaults:4 | Learned a level 2 spell: Poisonous Vapours
 59631 | Vaults:4 | Learned a level 4 spell: Summon Ice Beast
 59962 | Vaults:4 | Reached XP level 21. HP: 164/164 MP: 20/30
 60046 | Vaults:4 | Reached skill level 10 in Evocations
 60232 | Vaults:4 | Reached skill level 10 in Ice Magic
 60397 | Vaults:4 | Reached skill level 23 in Dodging
 61043 | Vaults:5 | Entered Level 5 of the Vaults
 61048 | Vaults:5 | Reached skill level 24 in Dodging
 61669 | D:15     | Found the +2 cloak of the Thief {*Fog Slay-2 SInv Stlth+}
 61694 | D:15     | Noticed Josephine
 61701 | D:15     | Killed Josephine
 62052 | D:15     | Reached skill level 25 in Dodging
 62195 | D:15     | Noticed Roxanne
 62218 | D:15     | Killed Roxanne
 62919 | D:15     | Found a staircase to the Depths.
 62930 | Depths:1 | Entered Level 1 of the Depths
 62975 | Depths:1 | Found a hide-covered altar of Uskayaw.
 63403 | Depths:1 | Acquired 818 gold pieces
 63464 | Depths:1 | Found a gateway to Hell.
 63768 | Depths:1 | Reached skill level 26 in Dodging
 64152 | Depths:2 | Reached XP level 22. HP: 168/171 MP: 31/31
 64520 | Depths:2 | Identified the +0 robe of Akuremun {Int+3}
 64560 | Depths:2 | Reached skill level 27 in Dodging
 64966 | Depths:2 | Found a one-way gate leading to the halls of Pandemonium.
 65604 | Depths:2 | Noticed the Enchantress
 65630 | Depths:2 | Killed the Enchantress
 65995 | Depths:2 | Found a bloodstained altar of Trog.
 66529 | Depths:1 | Upgraded the game from 0.28-a0-883-gc8d7bad45d to
                  | 0.28-a0-895-g6e5f11bd55
 67913 | Depths:3 | Found a gateway to a ziggurat.
 68387 | Depths:3 | Identified the +5 robe of Valiance {rElec MP+9 Str-5}
 68780 | Depths:3 | Identified the +7 ring mail of Daus {Regen+}
 69246 | Depths:3 | Found a bloodstained altar of Trog.
 70118 | Depths:4 | Entered Level 4 of the Depths
 70446 | Depths:4 | Reached XP level 23. HP: 182/182 MP: 30/32
 71416 | Depths:4 | Learned a level 5 spell: Metabolic Englaciation
 71420 | Depths:4 | Learned a level 3 spell: Swiftness
 71453 | Depths:4 | Noticed a juggernaut
 71464 | Depths:4 | Killed a juggernaut
 71465 | Depths:4 | Reached skill level 10 in Armour
 71525 | Depths:4 | Noticed a golden dragon
 71546 | Depths:4 | Killed a golden dragon
 71576 | Depths:4 | Found Vepeanne's Weapon Shoppe.
 71650 | Depths:4 | Noticed a caustic shrike
 71650 | Depths:4 | Noticed a caustic shrike
 71651 | Depths:4 | Noticed a caustic shrike
 71653 | Depths:4 | Noticed a caustic shrike
 71665 | Depths:4 | Killed a caustic shrike
 71668 | Depths:4 | Killed a caustic shrike
 71672 | Depths:4 | Killed a caustic shrike
 71680 | Depths:4 | Killed a caustic shrike
 72111 | Depths:4 | Noticed a golden dragon
 72127 | Depths:4 | Killed a golden dragon
 72173 | Depths:4 | Noticed a golden dragon
 72198 | Depths:4 | Killed a golden dragon
 72253 | Depths:4 | Found a gate to the Realm of Zot.
 72946 | Orc:2    | Bought a book of Spatial Translocations for 468 gold pieces
 72949 | Orc:2    | Learned a level 2 spell: Blink
 73378 | Vaults:5 | Noticed a dread lich
 73408 | Vaults:5 | Noticed a dread lich
 73413 | Vaults:5 | Paralysed by something for 5 turns
 74024 | Vaults:4 | Killed a dread lich
 74057 | Vaults:5 | Paralysed by a dread lich for 5 turns
 74060 | Vaults:5 | HP: 4/176 [shadow dragon/bolt of negative energy (29)]
 74060 | Vaults:5 | Slain by a vault warden

Illustrated notes

Levels and vault maps discovered:
D:1:      eino_arrival_water_star, layout_loops_ring, basic_ecumenical_altar
D:2:      layout_loops_ring, basic_altar, uniq_terence
D:3:      layout_loops_ring, nicolae_dithmenos_the_darkroom,
          okawaru_ov_weapons_minmay, gup_sewer_entry_bubbles
D:4:      minmay_chambers_of_threes, layout_loops_ring, uniq_edmund
D:5:      cheibrodos_fzero, layout_basic,
          nicolae_hepliaklqana_monster_ancestors, uniq_prince_ribbit1
D:6:      layout_loops_corners, mainiacjoe_overflow_swirl
D:7:      layout_layer_cave, cheibriados_altar_1,
          minmay_temple_entry_statues_fountains, gammafunk_ghost_necromancy,
          uniq_harold
D:8:      layout_cave_pools, dpeg_lair_monsters, gammafunk_ghost_smash,
          minmay_sticks_and_stones, uniq_pikel, uniq_maurice, uniq_erica
D:9:      layout_gridville, mainiacjoe_overflow_small_starburst,
          kennysheep_generic_room_6, uniq_grum
D:10:     layout_rooms, kennysheep_ying_yang, ebering_ghost_funeral_grove,
          uniq_urug
D:11:     layout_basic
D:12:     layout_roguey, orc_0_dummy, serial_curves, eino_curves_04,
          eino_curves_01, kennysheep_doodads, uniq_kirke, uniq_psyche
D:13:     layout_roguey, minmay_the_grid_square_5x5_3x3_mashed
          [minmay_the_grid_square_5x5_seven, minmay_the_grid_square_5x5_lines,
          minmay_the_grid_square_5x5_doubleslash,
          minmay_the_grid_square_5x5_spiral_small,
          minmay_the_grid_square_5x5_megaprize_checkered,
          minmay_the_grid_square_5x5_fat_x,
          minmay_the_grid_square_5x5_fancy_junction,
          minmay_the_grid_square_5x5_shuriken, minmay_the_grid_square_5x5_six]
D:14:     minmay_isolated_rectangles_in_corner, layout_long_grid,
          david_vaults_4, roderic_lattice_octagonal_star,
          portal_ice_cave_entry_ice_simulacra, serial_glass, glass_columns_a,
          glass_columns_a, glass_columns_b, glass_columns_a, glass_columns_b,
          glass_columns_a, glass_columns_c, glass_columns_a,
          grunt_decor_resistance, corexii_mini_fake_secret_closet,
          hangedman_glass_teeth, uniq_agnes
D:15:     grunt_enter_depths_magical_seal, layout_stronghold, uniq_josephine,
          uniq_roxanne
Lair:1:   layout_chaotic_city, serial_bayou_lagoon_b, serial_bayou_shore_b,
          serial_bayou_shore_a, infiniplex_staircase_pool_2
Lair:2:   layout_roguey, shoals_dummy_entry, beast_lair_carwin_1, uniq_sonja,
          uniq_maggie
Lair:3:   layout_regular_city, spider_nest_entry_rubble, serial_bayou_lake_a,
          grunt_megastairs_4, uniq_snorg
Lair:4:   wander_river, layout_cave_shapes, gauntlet_entry_generic
Lair:5:   layout_concentric_octagons, grunt_forest_large_clearings,
          grunt_megastairs_2
Lair:6:   hellmonk_lair_end_abyssal_woods, layout_regular_city,
          minmay_slime_entry_jelly_boxes, grunt_megastairs_1
Shoals:1: layout_shoals, serial_shops, nicolae_lakefront_shop
Shoals:2: layout_shoals, serial_shops, nicolae_shop_bloodbath_and_beyond,
          nicolae_shop_overgrown_old_shop, nicolae_diamond_shop,
          nicolae_shop_temple_entry_statues_fountains, nicolae_lakefront_shop,
          nicolae_shoals_cliffside_cave, nicolae_shoals_aquamancer_cove,
          uniq_polyphemus
Shoals:3: layout_shoals, gammafunk_ghost_arena
Shoals:4: shoals_end_hellmonk_lost_city, serial_shops
Spider:1: layout_chambers
Spider:2: layout_spider_delve, uniq_arachne
Spider:3: layout_spider_delve, uniq_jorgrun
Spider:4: spider_rune_water, nicolae_spider_jagged_tunnels, uniq_asterion,
          uniq_nikola, uniq_louise
Orc:1:    layout_caves
Orc:2:    st_orc_mages, layout_caves, serial_shops, bzr_entry_customers,
          uniq_saint_roka, uniq_donald
Vaults:1: v_alt_pattern_1, v_misc_14, ontoclasm_vaults_twist,
          hangedman_vaults_capsules, nicolae_vaults_windows_and_doors_thing,
          grunt_vaults_focal, nicolae_vaults_mini_display_case, v_misc_22,
          layout_vaults_quadrants, serial_shops, shop
Vaults:2: nicolae_vaults_network_star, v_misc_33, vaults_mumra_chevron_long,
          v_misc_25, nicolae_vaults_what_the_h, serial_ice_b,
          vaults_room_hallway, hangedman_vaults_restitches,
          nicolae_vaults_ring_of_whatevers, minmay_crypt_entry_simple_box,
          v_misc_25, vaults_dpeg_hooks, nicolae_vaults_alarming,
          vaults_room_pools, layout_vaults_ring,
          nicolae_trove_entry_path_of_doom, uniq_bai_suzhen
Vaults:3: vaults_room_fours, hangedman_vaults_slice, nicolae_vaults_network_s,
          v_pattern_1, vaults_room_grid, vaults_room_corners,
          nicolae_vaults_little_squares_1, v_misc_11, v_misc_16, v_misc_17,
          nicolae_vaults_gold_heap, nicolae_vaults_specimen_jars, v_misc_8,
          nicolae_vaults_little_squares_3, grunt_vaults_hallway_long,
          ontoclasm_vaults_ring_small, layout_vaults_maze_bifur
Vaults:4: vaults_mumra_hexcomb, vaults_room_fancy_cross, grunt_vaults_funnel,
          v_misc_22, vaults_standard_mumra_lines, ontoclasm_vaults_shuriken,
          ontoclasm_vaults_eye, vaults_room_door_hall,
          nicolae_vaults_shelves_hall, ontoclasm_vaults_ring_small,
          vaults_room_door_ring, vaults_dpeg_spiral, layout_vaults_omnibox
Vaults:5: serial_shops
Depths:1: layout_big_octagon, grunt_hell_entry_dis_grunt, minmay_crystal_water,
          st_stairs_7, wad_floor_pattern_1,
          nicolae_uskayaw_murder_on_the_dancefloor, grunt_megastairs_3
Depths:2: spriggan_forest, hell_entry, pan_entry
Depths:3: four-leaf_vault, layout_cave_shapes, enter_ziggurat_d, abyss_entry,
          trog_three_pillars_becter, hell_entry, kennysheep_cross_room,
          nicolae_concentric_dashed_squares_mild, minmay_serpent_palace,
          minmay_staircase_bubble
Depths:4: evilmike_zot_entry_hall, layout_gridlike, abyss_entry_glasseish,
          grunt_mini_vestibule, serial_shops, nicolae_shop_trees,
          serial_bayou_shore_b

Skill      XL: |  1  2  3  4  5  6  7  8  9 10 11 12 13 14 15 16 17 18 19 20 21 22 23 |
---------------+----------------------------------------------------------------------+-----
Dodging        | 3 4 5 6 8 9 12 15 16 17 20 21 22 26 27 | 27.0
Fighting       | 1 2 3 5 6 7 9 10 12 13 14 16 18 20 22 24 | 24.3
Ice Magic      | 5 6 7 8 9 10 | 10.0
Spellcasting   | 3 4 6 |  6.0
Polearms       | 2 4 7 10 12 14 15 17 20 | 20.0
Invocations    | 1 4 5 7 8 9 10 | 10.0
Evocations     | 5 8 9 10 | 10.0
Shields        | 8 13 15 | 15.0
Armour         | 4 7 8 9 10 | 10.0
Stealth        | |  2.1

Action                   |  1- 3 |  4- 6 |  7- 9 | 10-12 | 13-15 | 16-18 | 19-21 | 22-24 || total
-------------------------+-------+-------+-------+-------+-------+-------+-------+-------++-------
Melee: Dagger            |    17 |    22 |       |       |       |       |       |       ||    39
       Tailslap          |       |     1 |       |       |       |       |       |       ||     1
       Spear             |       |    26 |   125 |     6 |     6 |       |       |       ||   163
       Glaive            |       |       |    23 |   170 |   606 |   145 |       |       ||   944
       Trident           |       |       |       |       |     8 |       |       |       ||     8
       Demon trident     |       |       |       |       |       |  1285 |  1098 |   991 ||  3374
Throw: Stone             |       |    17 |    15 |     5 |     5 |       |       |       ||    42
       Javelin           |       |       |       |       |       |     3 |       |       ||     3
       Throwing net      |       |       |       |       |       |       |     2 |     5 ||     7
 Cast: Freeze            |    40 |    61 |    98 |    98 |    72 |     1 |       |       ||   370
       Frozen Ramparts   |       |    10 |    32 |    50 |    80 |    38 |    68 |    33 ||   311
       Ozocubu's Armour  |       |     7 |    39 |    43 |    48 |     7 |    22 |     4 ||   170
       Animate Skeleton  |       |       |       |       |       |       |     8 |     9 ||    17
       Poisonous Vapours |       |       |       |       |       |       |     4 |       ||     4
       Hailstorm         |       |       |       |       |       |       |     2 |       ||     2
Invok: Recall Ancestor   |       |       |       |     3 |     8 |    13 |    11 |     1 ||    36
       Ancestor Life: Kn |       |       |       |     1 |       |       |       |       ||     1
       Idealise          |       |       |       |       |     7 |    14 |    17 |     4 ||    42
       Transference      |       |       |       |       |       |     1 |       |       ||     1
Evoke: Wand              |       |     1 |       |     9 |     5 |     5 |     1 |       ||    21
       Box of beasts     |       |       |       |       |       |     2 |       |       ||     2
       Phantom mirror    |       |       |       |       |       |     1 |       |       ||     1
  Use: Scroll            |       |     5 |     4 |     8 |    19 |    11 |     7 |     9 ||    63
       Potion            |       |       |       |       |     5 |     5 |     4 |    11 ||    25
 Stab: Sleeping          |     8 |     2 |     5 |     2 |    12 |     2 |       |     3 ||    34
       Distracted        |       |       |       |     4 |     9 |    25 |    34 |    30 ||   102
       Paralysed         |       |       |       |     1 |       |       |       |       ||     1
       Held in net/web   |       |       |       |       |       |     1 |     1 |     2 ||     4
Armor: Robe              |     5 |    14 |       |       |       |       |       |       ||    19
       Troll leather arm |       |    11 |    62 |    21 |    38 |       |       |       ||   132
       Ring mail         |       |     1 |       |       |       |       |       |     1 ||     2
       Steam dragon scal |       |       |       |       |    56 |       |       |       ||    56
       Scale mail        |       |       |       |       |    37 |   260 |    97 |    27 ||   421
       Acid dragon scale |       |       |       |       |       |       |       |    85 ||    85
Dodge: Dodged            |    16 |    68 |   121 |   105 |   407 |   767 |   345 |   397 ||  2226
       Repelled          |       |       |       |     3 |       |       |       |       ||     3
Block: Other             |       |       |       |       |    91 |    35 |       |       ||   126
       Reflection        |       |       |       |       |    10 |    63 |    72 |    26 ||   171
       Kite shield       |       |       |       |       |       |   933 |   490 |   494 ||  1917

Table legend: (Time is in decaauts)
 A = Elapsed time spent in this place.
 B = Non-inter-level travel time spent in this place.
 C = Inter-level travel time spent in this place.
 D = Time resting spent in this place.
 E = Time spent auto-exploring this place.
 F = Levels seen in this place.
 G = Mean time per level.
                   A        B        C        D        E       F      G
               +--------+--------+--------+--------+--------+-----+--------+
         Total |  71495 |  64880 |   6615 |  27758 |  22543 |  48 | 1489.5 |
       Dungeon |  22113 |  19547 |   2566 |   7348 |   7739 |  15 | 1474.2 |
          Lair |  12087 |  10347 |   1740 |   3740 |   3939 |   6 | 2014.5 |
        Shoals |   4850 |   4561 |    289 |   2313 |   1225 |   4 | 1212.5 |
   Spider Nest |   6621 |   6155 |    466 |   3056 |   2029 |   4 | 1655.2 |
  Orcish Mines |   4858 |   4702 |    156 |   3109 |    781 |   2 | 2429.0 |
        Vaults |   9792 |   8740 |   1052 |   3739 |   3417 |   5 | 1958.4 |
        Depths |   8941 |   8597 |    344 |   3582 |   2935 |   4 | 2235.2 |
         Abyss |    292 |    292 |      0 |     50 |     64 |   4 |   73.0 |
        Bazaar |    436 |    436 |      0 |    350 |     51 |   1 |  436.0 |
         Sewer |    611 |    611 |      0 |    262 |    176 |   1 |  611.0 |
      Ice Cave |      9 |      9 |      0 |      0 |      0 |   1 |    9.0 |
      Gauntlet |    880 |    880 |      0 |    206 |    184 |   1 |  880.0 |
               +--------+--------+--------+--------+--------+-----+--------+

Top non-repeatable levels by time:
   Orc:1: 3527 daAuts
Depths:2: 3325 daAuts
Vaults:1: 3277 daAuts
  Lair:6: 2488 daAuts
Depths:4: 2488 daAuts
Spider:1: 2456 daAuts
  Lair:3: 2419 daAuts
    D:14: 2414 daAuts
Vaults:4: 2331 daAuts
Vaults:3: 2098 daAuts
Depths:3: 2085 daAuts
    D:13: 2063 daAuts
Vaults:2: 2049 daAuts
  Lair:5: 2014 daAuts
     D:7: 1941 daAuts
